 Dungeon Crawl Stone Soup version 0.20-a0-680-g5c496f5 (webtiles) character file.

2440 Amciq the Covered (level 9, 0/112 HPs)
             Began as a Minotaur Fighter on Feb 18, 2017.
             Was a Believer of Okawaru.
             Splashed by a jelly's acid (2 damage)
             ... on level 7 of the Dungeon.
             The game lasted 00:20:06 (5926 turns).

Amciq the Covered (Minotaur Fighter)                Turns: 5926, Time: 00:20:07

Health: 0/112      AC:  8    Str: 22    XL:     9   Next: 25%
Magic:  0/12       EV:  2    Int: 13    God:    Okawaru [**....]
Gold:   135        SH: 12    Dex: 12    Spells: 8/8 levels left

rFire    . . .     SeeInvis .   s - +1 whip
rCold    . . .     Gourm    .   (armour currently unavailable)
rNeg     + + +     Faith    .   c - +0 shield
rPois    +         Spirit   +   (helmet currently unavailable)
rElec    .         Reflect  .   (cloak currently unavailable)
rCorr    .         Harm     .   (gloves currently unavailable)
MR       .....     NoTele   +   (boots currently unavailable)
Stlth    +++.......             n - amulet of guardian spirit
Regen    0.3/turn               z - +6 ring of intelligence
MPRegen  0.2/turn               (no ring)

@: tree-form, heroism, corroded
A: (retaliatory headbutt), (horns 0), repulsion field 1, (icy blue scales 0),
clever 1
a: Heroism, Renounce Religion


You were on level 7 of the Dungeon.
You worshipped Okawaru.
Okawaru was pleased with you.
You were hungry.
You were a tree.
You visited 1 branch of the dungeon, and saw 7 of its levels.

You collected 321 gold pieces.
You spent 186 gold pieces at shops.

Inventory:

Hand Weapons
 s - a +1 whip (weapon)
Armour
 b - a +0 scale mail (melded)
 c - a +0 shield (worn)
 w - a +1 cloak (melded)
Jewellery
 n - an amulet of guardian spirit (around neck)
 z - a +6 ring of intelligence (right branch)
Wands
 k - a wand of disintegration (23/24)
 l - a wand of confusion (22/48)
 x - a wand of flame (17/48)
 y - a wand of polymorph (13/24)
 A - a wand of iceblast (6/15)
Scrolls
 a - 3 scrolls of teleportation
 i - 5 scrolls of remove curse
 o - a scroll of identify
 p - 3 scrolls of fog
 q - a scroll of enchant weapon
 u - 2 scrolls of blinking
Potions
 d - 2 potions of might
 e - 2 potions of haste {unknown}
 j - a potion of brilliance {unknown}
 m - a potion of agility
 r - 5 potions of curing {unknown}
 v - a potion of degeneration {unknown}
 B - 2 potions of resistance {unknown}
Comestibles
 f - 6 bread rations
 g - 2 meat rations
 t - 5 fruits
 C - 3 chunks of flesh


   Skills:
 + Level 6.1(11.1) Fighting
 + Level 5.8(10.8) Maces & Flails
 + Level 3.7(8.7) Throwing
 + Level 6.4(11.4) Armour
 + Level 4.4(9.4) Dodging
 + Level 6.0(11.0) Shields
 + Level 4.3(9.3) Unarmed Combat
 * Level 5.4 Invocations


You had 8 spell levels left.
You didn't know any spells.

Dungeon Overview and Level Annotations

Branches:
Dungeon (7/15)             Temple (0/1) D:7

Altars:
Ashenzari
Cheibriados
Dithmenos
Gozag
Hepliaklqana
Okawaru
Ru
Sif Muna
Trog
Vehumet
Zin

Shops:
D:6 ?


Innate Abilities, Weirdness & Mutations

((You reflexively headbutt those who attack you in melee.))
((You have a pair of horns on your head.))
You are surrounded by a mild repulsion field. (EV +2)
((You are partially covered in icy blue scales. (AC +2)))
Your mind is acute. (Int +2)


Message History

The jelly hits you.
* * * LOW HITPOINT WARNING * * *
You are splashed with acid!
The acid burns!
* * * LOW HITPOINT WARNING * * *
You turn into a tree.
Your +1 cloak melds into your body.
Your +0 scale mail melds into your body.
Your roots penetrate the ground.
The jelly hits you but does no damage.
You hit the jelly but do no damage.
Your branches burn!
* * * LOW HITPOINT WARNING * * *
The jelly is severely wounded.
The jelly hits you but does no damage.
You hit the jelly but do no damage.
Your branches burn!
* * * LOW HITPOINT WARNING * * *
The jelly is severely wounded.
You hit the jelly. The acid corrodes you!
Your branches burn!
* * * LOW HITPOINT WARNING * * *
The jelly is almost dead.
You block the jelly's attack.
You hit the jelly but do no damage.
Your branches burn!
You die...

#..J#
##...##
#.....#
#.....#
.....
#...#
#JJ.#
#J# #♣#
#.# #.#
#.# #.#
#.# #
#.# ##
#.# #.
#.# #.


You could see a jelly and 2 oozes.

Vanquished Creatures
  A slime creature (D:7)
  A phantom (D:7)
  2 black bears
  2 sky beasts (D:5)
  4 ogres
  2 bullfrogs
  A scorpion (D:5)
  3 wights (D:6)
  3 crimson imps
  A howler monkey (D:4)
  A centaur zombie (D:7)
  3 orc wizards
  2 hounds (D:7)
  5 jellies (D:7)
  A bullfrog skeleton (D:6)
  An orc priest (D:7)
  An iguana (D:6)
  9 worker ants
  A howler monkey zombie (D:6)
  4 gnolls (D:5)
  13 adders
  A shadow imp (D:6)
  16 oozes
  3 worms
  3 dart slugs
  3 leopard geckos
  13 orcs
  13 giant cockroaches
  5 hobgoblins
  5 kobolds
  8 quokkas
  4 ball pythons
  5 bats
  4 frilled lizards
  A giant cockroach zombie (D:5)
  6 goblins
  A quokka zombie (D:6)
  11 rats
163 creatures vanquished.

Vanquished Creatures (others)
  A bullfrog (D:7)
  An orc wizard (D:4)
  An adder (D:7)
  3 fungi (D:7)
6 creatures vanquished.

Grand Total: 169 creatures vanquished

Notes
Turn   | Place    | Note
-------+----------+-------------------------------------------
     0 | D:1      | Amciq the Minotaur Fighter began the quest for the Orb.
     0 | D:1      | Reached XP level 1. HP: 19/19 MP: 0/0
   275 | D:1      | Reached XP level 2. HP: 21/27 MP: 1/1
   561 | D:2      | Found an iron altar of Okawaru.
   569 | D:2      | Became a worshipper of Warmaster Okawaru
   581 | D:2      | Found a snail-covered altar of Cheibriados.
   692 | D:2      | Reached XP level 3. HP: 33/33 MP: 2/2
   926 | D:2      | Reached skill level 1 in Invocations
  1138 | D:3      | Found a shadowy altar of Dithmenos.
  1145 | D:3      | Reached XP level 4. HP: 40/40 MP: 3/3
  1829 | D:3      | Reached skill level 1 in Unarmed Combat
  2227 | D:4      | Reached XP level 5. HP: 14/46 MP: 3/5
  2315 | D:4      | Noticed an ogre
  2482 | D:4      | Killed an ogre
  2482 | D:4      | Reached skill level 1 in Throwing
  2482 | D:4      | Reached skill level 1 in Dodging
  2730 | D:4      | Reached XP level 6. HP: 48/53 MP: 6/6
  3203 | D:4      | Gained mutation: You are partially covered in icy blue scales. (AC +2) [potion of mutation]
  3203 | D:4      | Gained mutation: You are surrounded by a mild repulsion field. (EV +2) [potion of mutation]
  3203 | D:4      | Gained mutation: Your mind is acute. (Int +2) [potion of mutation]
  3217 | D:5      | Entered Level 5 of the Dungeon
  3419 | D:5      | Reached * piety under Okawaru
  3419 | D:5      | Reached XP level 7. HP: 6/60 MP: 8/8
  3768 | D:5      | Reached skill level 5 in Armour
  3779 | D:5      | Found a glowing silver altar of Zin.
  3788 | D:5      | Found a bloodstained altar of Trog.
  3790 | D:5      | Found a sacrificial altar of Ru.
  3790 | D:5      | Found a deep blue altar of Sif Muna.
  3795 | D:5      | Found a hazy altar of Hepliaklqana.
  3818 | D:5      | Found a runed door.
  3835 | D:5      | Found a runed door.
  3958 | D:5      | Reached skill level 5 in Shields
  3972 | D:5      | Reached skill level 5 in Fighting
  4374 | D:5      | Found a radiant altar of Vehumet.
  4577 | D:6      | Found a shattered altar of Ashenzari.
  4605 | D:6      | Reached XP level 8. HP: 64/68 MP: 7/9
  4694 | D:6      | Found Vegetoupn's Magic Scroll Boutique.
  4751 | D:6      | Bought a scroll of identify for 24 gold pieces
  4751 | D:6      | Bought 2 scrolls of teleportation for 72 gold pieces
  4751 | D:6      | Bought a scroll of blinking for 90 gold pieces
  4821 | D:6      | Reached ** piety under Okawaru
  4821 | D:6      | Reached skill level 5 in Maces & Flails
  5271 | D:7      | Found an opulent altar of Gozag.
  5698 | D:7      | Found a staircase to the Ecumenical Temple.
  5732 | D:7      | Reached skill level 5 in Invocations
  5770 | D:7      | Reached XP level 9. HP: 62/75 MP: 11/11
  5924 | D:7      | HP: 5/112 [acid (3)]
  5925 | D:7      | HP: 2/112 [acid (3)]
  5926 | D:7      | Splashed by a jelly's acid

Vault maps used:
D:1:      minmay_arrival_nine_rooms
D:2:      cheibriados_altar_1, overflow_temple_1_default
D:3:      nicolae_dithmenos_shadow_blocks, first_bread
D:4:      serial_glass, glass_columns_a, glass_columns_b
D:5:      lemuel_insect_pit, vehumet_crystals, minitemple,
          guppyfry_early_lair_pool
D:6:      ashenzari_altar_1, serial_shops, nicolae_shop_statue_plus,
          grunt_decor_arrowhead
D:7:      lemuel_slime, minmay_temple_entry_glass, basic_altar,
          lemuel_flamethrower_2

Skill      XL: |  1  2  3  4  5  6  7  8  9 |
---------------+----------------------------+-----
Shields        | 4 5 6 |  6.0
Fighting       | 4 5 6 |  6.1
Armour         | 4 5 6 |  6.4
Invocations    | 1 2 3 5 |  5.4
Maces & Flails | 3 4 5 |  5.8
Unarmed Combat | 1 2 3 4 |  4.3
Throwing       | 1 2 3 |  3.7
Dodging        | 1 2 4 |  4.4

Action                   |  1- 3 |  4- 6 |  7- 9 || total
-------------------------+-------+-------+-------++-------
Melee: Flail             |    24 |       |       ||    24
       Whip              |    60 |   212 |   338 ||   610
       Headbutt          |     8 |    29 |    89 ||   126
Invok: Heroism           |       |       |     6 ||     6
  Use: Scroll            |       |     7 |     9 ||    16
       Potion            |       |     2 |     3 ||     5
  Eat: Chunk             |     1 |     7 |     8 ||    16
Armor: Scale mail        |    37 |    66 |   108 ||   211
       Skin              |       |       |     2 ||     2
Dodge: Dodged            |    23 |    56 |   122 ||   201
Block: Shield            |    41 |    93 |   162 ||   296
